AoeStats
← decayon

MegaRandom

510559844Analyzed
4v4 RM · 10h ago on Oct 1, 2026· 38m 25s· 8 players
Game mode
Random Map
Map size
Large (8 player)
Population
200
Speed
Normal
Resources
Standard
Victory
Conquest
Starting age
Dark Age
Ending age
Imperial Age
RankedLock teamsTeams togetherTeam positionsShared explorationLock speedFull tech treeHidden civsTurbo modeCheats
Victory
Defeat
🇵🇹 Dravidians · Portugal
1085
+12
🇫🇷 Franks · France
1066
+13
🇺🇸 Japanese · United States
936
+18
🇲🇽 Sicilians · Mexico
923
+20
🇨🇦 Vietnamese · Canada
1062
-18
🇦🇷 Huns · Argentina
986
-15
🇦🇷 Berbers · Argentina
972
-15
🇯🇵 Franks · Japan
968
-15
BallonPrince5
0:31 Loom
8:04 Feudal Age
8:39 Double-Bit Axe
12:25 Fletching
14:45 Horse Collar
18:59 Wheelbarrow
20:26 Padded Archer Armor
23:24 Castle Age
21:37 Gold Mining
21:46 Stone Mining
23:42 Scale Mail Armor
24:30 Bow Saw
24:17 Bodkin Arrow
23:52 Crossbowman
25:28 Ballistics
25:49 Forging
26:25 Leather Archer Armor
27:07 Thumb Ring
28:20 Chain Mail Armor
28:25 Arson
28:41 Squires
29:25 Hand Cart
29:45 Treadmill Crane
31:31 Iron Casting
34:39 Imperial Age
34:19 Heavy Plow
35:08 Devotion
35:05 Herbal Medicine
35:23 Bracer
36:37 Chemistry
37:35 Murder Holes
vloker1
11:36 Feudal Age
9:53 Loom
13:06 Double-Bit Axe
13:02 Horse Collar
21:55 Castle Age
21:23 Forging
21:19 Scale Barding Armor
21:58 Bloodlines
22:46 Bow Saw
22:38 Heavy Plow
28:07 Husbandry
31:36 Iron Casting
31:22 Chain Barding Armor
32:16 Light Cavalry
38:07 Imperial Age
36:13 Marauders
36:50 Gold Mining
37:46 Wheelbarrow
39:13 Conscription
Tormund
7:39 Loom
11:31 Feudal Age
13:54 Double-Bit Axe
21:32 Horse Collar
25:23 Castle Age
24:37 Scale Barding Armor
25:06 Bloodlines
27:53 Fletching
30:39 Forging
31:05 Town Watch
店長
2:21 Loom
10:34 Feudal Age
20:11 Castle Age
18:50 Scale Barding Armor
20:05 Forging
19:51 Gold Mining
19:52 Stone Mining
20:28 Light Cavalry
21:09 Husbandry
22:25 Wheelbarrow
23:06 Chain Barding Armor
28:13 Iron Casting
28:38 Hand Cart
28:51 Town Watch
29:27 Double-Bit Axe
35:03 Gold Shaft Mining
35:36 Bow Saw
38:23 Imperial Age
37:07 Fletching
biodude
4:10 Loom
11:27 Feudal Age
15:56 Castle Age
14:03 Double-Bit Axe
17:05 Bloodlines
17:08 Horse Collar
22:21 Gold Mining
24:16 Wheelbarrow
25:15 Forging
25:18 Heavy Plow
28:11 Husbandry
28:37 Scale Barding Armor
31:13 Chain Barding Armor
38:29 Imperial Age
36:15 Bow Saw
36:30 Light Cavalry
decayon
0:33 Loom
10:47 Feudal Age
11:58 Double-Bit Axe
12:05 Stone Mining
18:56 Horse Collar
19:33 Fletching
25:26 Castle Age
27:11 Guard Tower
27:24 Bodkin Arrow
28:06 Masonry
29:04 Gold Mining
29:27 Pikeman
30:16 Murder Holes
31:28 Treadmill Crane
32:09 Ballistics
32:27 Town Watch
35:33 Yasama
FraD
10:57 Feudal Age
12:20 Double-Bit Axe
20:43 Castle Age
22:23 Stone Mining
26:17 Fletching
27:46 Bodkin Arrow
28:29 Ballistics
28:02 Pikeman
36:15 Imperial Age
Zé Gui
9:29 Feudal Age
7:46 Loom
13:53 Castle Age
12:10 Horse Collar
13:15 Double-Bit Axe
14:06 Fletching
21:10 Bodkin Arrow
21:41 Padded Archer Armor
22:51 Bow Saw
22:36 Gold Mining
23:50 Leather Archer Armor
24:41 Ballistics
23:47 Elite Skirmisher
27:25 Thumb Ring
29:08 Murder Holes
28:59 Elite Skirmisher
34:58 Imperial Age
33:16 Murder Holes
35:44 Medical Corps
36:55 Chemistry
35:57 Bracer
36:46 Ring Archer Armor
37:45 Medical Corps
Connection lost

Rejoining the realm…

Still unreachable

The connection could not be restored.

Session expired

The server has moved on; the page needs a fresh start.